 Dungeon Crawl Stone Soup version 0.29-a0-219-g0a02b1cf4f (webtiles) character file.

Game seed: 12969141029129754150

20936 croobank the Quickloader (level 12, -8/100 HPs)
             Began as a Purple Draconian Arcane Marksman on Feb 26, 2022.
             Was an Elder of the Shining One.
             Killed by the air
             ... invoked by a wind drake
              (12 damage)
             ... on level 3 of the Lair of Beasts.
             The game lasted 01:29:27 (15880 turns).

croobank the Quickloader (DrAM)                    Turns: 15880, Time: 01:29:29

Health: -8/100     AC: 11    Str: 12    XL:     12   Next: 49%
Magic:  0/22       EV: 20    Int: 15    God:    the Shining One [****..]
Gold:   325        SH:  0    Dex: 19    Spells: 20/25 levels left

rFire   + . .      SeeInvis .   a - +3 arbalest (freeze)
rCold   . . .      Faith    .   (shield currently unavailable)
rNeg    + + .      Spirit   +   (body armour unavailable)
rPois   .          Reflect  .   (helmet restricted)
rElec   .          Harm     .   E - scarf {repulsion}
rCorr   .          Rampage  .   l - +2 pair of gloves {Dex+3}
Will    +....                   (no boots)
Stlth   +.........              k - amulet of guardian spirit
HPRegen 0.26/turn               d - +4 ring of evasion
MPRegen 0.18/turn               A - ring of protection from fire

@: glowing, repel missiles
A: breathe power, AC +8, unfitting armour, cold-blooded
a: Breathe Dispelling Energy, Renounce Religion, Divine Shield, Cleansing Flame


You were on level 3 of the Lair of Beasts.
You worshipped the Shining One.
The Shining One was greatly pleased with you.
You visited 2 branches of the dungeon, and saw 12 of its levels.

You collected 540 gold pieces.
You spent 215 gold pieces at shops.

Inventory:

Hand Weapons
 a - a +3 arbalest of freezing (weapon)
 b - a +5 scimitar of flaming
 g - a +0 lajatang
 p - a +3 battleaxe
 s - a +2 long sword of freezing
 v - a +0 war axe
 B - a +1 flail of holy wrath
Missiles
 c - 19 poisoned darts
 i - 283 stones
 z - 4 throwing nets
Armour
 l - a +2 pair of gloves of dexterity (worn)
 E - a scarf of repulsion (worn)
 F - a +0 buckler
Jewellery
 d - a +4 ring of evasion (left hand)
 k - an amulet of guardian spirit (around neck)
 o - a ring of flight
 A - a ring of protection from fire (right hand)
 D - a ring of see invisible
 I - a ring of ice
Wands
 C - a wand of iceblast (7)
 G - a wand of flame (3)
 H - a wand of digging (6)
Scrolls
 e - 2 scrolls of amnesia
 r - a scroll of holy word
Potions
 f - a potion of mutation
 m - 2 potions of lignification
 w - a potion of brilliance


   Skills:
 - Level 7.2 Fighting
 + Level 8.0 Long Blades
 + Level 10.5 Crossbows
 - Level 6.3 Dodging
 - Level 7.3 Spellcasting
 - Level 8.0 Hexes
 + Level 9.9 Invocations


You had 20 spell levels left.
You knew the following spells:

 Your Spells              Type           Power      Damage    Failure   Level
a - Slow                  Hex            100%       N/A       1%          1
b - Cause Fear            Hex            14%        N/A       4%          4

Your spell library contained the following spells:

 Spells                   Type           Power      Damage    Failure   Level
 Inner Flame              Hex/Fire       17%        N/A       8%          3
 Portal Projectile        Hex/Tloc       34%        N/A       8%          3
 Blink                    Tloc           10%        N/A       21%         2
 Lesser Beckoning         Tloc           5%         N/A       36%         3
 Manifold Assault         Tloc           5%         N/A       98%         5
 Borgnjor's Revivificati  Necr           2%         N/A       100%        8
 Necromutation            Tmut/Necr      2%         N/A       100%        8
 Death's Door             Necr           2%         N/A       100%        9


Dungeon Overview and Level Annotations

Branches:
Dungeon (9/15)             Temple (0/1) D:6            Lair (3/6) D:9
 Shoals (0/4) Lair:3        Snake (0/4) Lair:2
    Orc: D:9-12

Altars:
Fedhas
Gozag
Makhleb
Nemelex Xobeh
Okawaru
Qazlal
Sif Muna
Wu Jian
Xom
The Shining One

Shops:
D:3 ?   D:4 [(**


Innate Abilities, Weirdness & Mutations

You can breathe bolts of dispelling energy.
Your rich purple scales are hard. (AC +8)
You cannot fit into any form of body armour.
You are cold-blooded and may be slowed by cold attacks.


Message History

Your scarf of repulsion unmelds from your body.
Your +2 pair of gloves of dexterity unmelds from your body.
You are surrounded by a repulsion field.
You feel agile.
The barbs in your skin will harm you if you move.
Continue? [Y]es or [N]o only, please.
The barbs in your skin will harm you if you move.
Continue?
Okay, then.
You're wearing all the rings you can.
Remove which one? (? for menu, Esc to cancel) < or
d - a +4 ring of evasion; > or
D - a ring of see invisible You remove your ring of see invisible.
A - a ring of protection from fire (right hand)
Your magical effects are unravelling.
You feel magically purged.
You carefully extract the barbed spikes from your body.
You feel a little less clever now. The manticore closely misses you.
The manticore barely misses you. The manticore misses you.
The wind drake exhales a fierce blast of wind!
You are blown backwards!
Shoot: a) +3 arbalest (freeze)
Press: ? - help, Q - select action, (/) - cycle Shift-Dir - straight line, f - wind drake
Aim: a wind drake (grey smoke, heavily wounded, inner flame, repelling missiles, slow, haloed, 35% to hit)
You shoot a bolt. The bolt barely misses the wind drake.
Shoot: a) +3 arbalest (freeze)
Press: ? - help, Q - select action, (/) - cycle Shift-Dir - straight line, f - manticore, p - wind drake
Aim: a manticore (grey smoke, inner flame, slow, haloed, 92% to hit)
Okay, then.
Shoot: a) +3 arbalest (freeze)
Press: ? - help, Q - select action, (/) - cycle Shift-Dir - straight line, f/p - wind drake
Aim: a wind drake (grey smoke, heavily wounded, inner flame, repelling missiles, slow, haloed, 35% to hit)
You shoot a bolt. The bolt barely misses the wind drake.
The bolt hits the manticore!
Flame seeps out of the manticore.
The bolt freezes the manticore.
Flame seeps out of the manticore.
The manticore is moderately wounded.
The wind drake flaps its wings at you. The air twists around and strikes you!
You die...

### #
#@########.##
##.##§§.....##
##k§§k§......
#H§§H§§§.k#
#P.§§§§.....
###.§§§##.#.
##..§# ....H
#.#.##


You could see a wind drake (inner flame, repels missiles, slow) and a manticore
(inner flame, slow).

Vanquished Creatures
  3 hydras
  Harold (D:7)
  Sonja (Lair:2)
  4 black mambas
  A guardian serpent (Lair:2)
  8 cane toads
  4 rime drakes
  11 komodo dragons
  Maggie (D:9)
  A hornet (D:9)
  Grinder (D:6)
  3 wyverns
  19 yaks
  7 basilisks
  A steam dragon (D:7)
  7 water moccasins
  2 orc warriors (D:8)
  4 black bears
  2 ice beasts (D:5)
  A necrophage (D:4)
  3 ogres
  8 wolves
  5 centaurs
  A kobold brigand (D:9)
  6 bullfrogs
  A scorpion (D:6)
  8 wights
  7 killer bees (D:8)
  5 electric eels (D:6)
  A howler monkey (D:6)
  The ghost of tonyyikes the Bolt Thrower, a weakling KoHu (D:3)
  6 jellies
  3 hounds
  4 orc priests
  11 orc wizards
  11 iguanas
  6 gnolls
  2 adders
  2 shadow imps
  A white imp (D:5)
  An ufetubus (D:6)
  3 worms
  A dart slug (D:3)
  27 orcs
  8 ball pythons
  9 endoplasms
  10 giant cockroaches
  6 goblins
  3 hobgoblins
  4 jackals (D:2)
  6 kobolds
  3 quokkas
  7 bats
  6 frilled lizards
  5 rats
273 creatures vanquished.

Vanquished Creatures (collateral kills)
  2 kobolds (D:9)
2 creatures vanquished.

Vanquished Creatures (others)
  An orc (D:7)
  17 fungi
  37 plants
  2 withered plants (D:3)
57 creatures vanquished.

Grand Total: 332 creatures vanquished

Notes
Turn   | Place    | Note
-------+----------+-------------------------------------------
     0 | D:1      | croobank the Draconian Arcane Marksman began the quest for
                  | the Orb.
     0 | D:1      | Reached XP level 1. HP: 16/16 MP: 2/2
   285 | D:1      | Reached XP level 2. HP: 23/23 MP: 3/3
   339 | D:1      | Reached skill level 2 in Crossbows
   955 | D:2      | Reached XP level 3. HP: 22/29 MP: 5/5
  1187 | D:2      | Reached XP level 4. HP: 25/36 MP: 6/6
  1336 | D:2      | Found a shimmering altar of Xom.
  1634 | D:3      | Found a faded altar of an unknown god.
  1666 | D:3      | Prayed at the altar of an unknown god.
  1666 | D:3      | Became a worshipper of the Shining One
  1666 | D:3      | Reached * piety under the Shining One
  1758 | D:3      | Noticed an ogre
  2123 | D:4      | Found Jeyl's Armour Shop.
  2205 | D:4      | Learned a level 4 spell: Cause Fear
  2240 | D:4      | Reached XP level 5. HP: 17/42 MP: 6/8
  2416 | D:4      | Found Bymor's Weapon Boutique.
  2660 | D:4      | Found Gananlor's Assorted Antiques.
  2678 | D:4      | Bought a scroll labelled ROEMMUEDUE for 25 gold pieces
  2678 | D:4      | Bought a scroll of identify for 50 gold pieces
  2678 | D:4      | Bought a scroll labelled JEFIUD ZEOT for 25 gold pieces
  2789 | D:4      | Noticed a necrophage
  2824 | D:4      | Killed a necrophage
  2825 | D:4      | Reached skill level 3 in Crossbows
  2825 | D:4      | Reached XP level 6. HP: 23/51 MP: 9/9
  3087 | D:4      | Found an opulent altar of Gozag.
  3221 | D:4      | Found Gefy's Assorted Antiques.
  3240 | D:4      | Bought a scroll labelled UGUBAI MUSIFELAUPS for 24 gold
                  | pieces
  3707 | D:3      | Found a runed translucent door.
  3707 | D:3      | Noticed tonyyikes's ghost (weakling KoHu)
  3851 | D:3      | Found an ornate altar of the Wu Jian Council.
  4041 | D:3      | Found Vaupoh's Magic Scroll Boutique.
  4053 | D:3      | Bought a scroll of identify for 26 gold pieces
  4053 | D:3      | Bought a scroll of identify for 26 gold pieces
  4053 | D:3      | Bought a scroll of teleportation for 39 gold pieces
  4130 | D:3      | Killed tonyyikes's ghost
  4360 | D:5      | Entered Level 5 of the Dungeon
  4613 | D:5      | Your scales start taking on a rich purple colour.
  4613 | D:5      | Reached XP level 7. HP: 42/57 MP: 12/12
  4949 | D:5      | Reached skill level 5 in Hexes
  4974 | D:5      | Noticed a wyvern
  4990 | D:5      | Killed a wyvern
  5231 | D:5      | Reached skill level 4 in Crossbows
  5483 | D:5      | Reached XP level 8. HP: 42/67 MP: 14/14
  6134 | D:6      | Found a staircase to the Ecumenical Temple.
  6151 | D:5      | Reached ** piety under the Shining One
  6152 | D:5      | Reached skill level 5 in Spellcasting
  6429 | D:6      | Reached skill level 5 in Fighting
  6553 | D:6      | Noticed Grinder
  6570 | D:6      | Killed Grinder
  6902 | D:6      | Reached skill level 5 in Dodging
  7538 | D:6      | Reached skill level 5 in Crossbows
  7772 | D:6      | Found a burning altar of Makhleb.
  7831 | D:6      | Reached XP level 9. HP: 64/75 MP: 17/17
  9216 | D:7      | Noticed Harold
  9229 | D:7      | Killed Harold
  9230 | D:7      | Reached skill level 6 in Crossbows
  9462 | D:8      | Found a shimmering blue altar of Sif Muna.
  9463 | D:8      | Reached *** piety under the Shining One
  9489 | D:8      | Reached XP level 10. HP: 75/86 MP: 15/20
  9563 | D:8      | Found an iron altar of Okawaru.
  9889 | D:8      | Found a stormy altar of Qazlal.
 10102 | D:8      | Identified a scroll of acquirement
 10102 | D:8      | Acquired a +3 arbalest of freezing
 10390 | D:9      | Reached skill level 1 in Invocations
 10408 | D:9      | Found a sparkling altar of Nemelex Xobeh.
 10445 | D:9      | Noticed Maggie
 10476 | D:9      | Killed Maggie
 10506 | D:9      | Found a blossoming altar of Fedhas.
 10638 | D:9      | Reached skill level 7 in Crossbows
 11135 | D:9      | Found a staircase to the Lair.
 11148 | Lair:1   | Entered Level 1 of the Lair of Beasts
 11255 | Lair:1   | Reached skill level 1 in Long Blades
 11474 | Lair:1   | Noticed a cane toad
 11482 | Lair:1   | Killed a cane toad
 11483 | Lair:1   | Reached skill level 5 in Invocations
 11687 | Lair:1   | Noticed a cane toad
 11698 | Lair:1   | Killed a cane toad
 11699 | Lair:1   | Reached skill level 8 in Crossbows
 11807 | Lair:1   | Noticed a cane toad
 11814 | Lair:1   | Reached XP level 11. HP: 40/92 MP: 8/21
 11848 | Lair:2   | Noticed a four-headed hydra
 11859 | Lair:2   | Killed a one-headed hydra
 13054 | Lair:1   | Reached skill level 5 in Long Blades
 13106 | Lair:1   | Reached skill level 9 in Crossbows
 13581 | Lair:2   | Noticed Sonja
 13596 | Lair:2   | Killed Sonja
 14334 | Lair:2   | Found a staircase to the Snake Pit.
 14657 | Lair:2   | Reached XP level 12. HP: 86/100 MP: 16/22
 15102 | Lair:3   | Noticed a seven-headed hydra
 15102 | Lair:3   | Reached **** piety under the Shining One
 15114 | Lair:3   | Killed a one-headed hydra
 15116 | Lair:3   | Reached skill level 10 in Crossbows
 15813 | Lair:3   | Noticed a four-headed hydra
 15825 | Lair:3   | Noticed a six-headed hydra
 15828 | Lair:3   | Killed a one-headed hydra
 15836 | Lair:3   | Noticed a seven-headed hydra
 15840 | Lair:3   | Found a staircase to the Shoals.
 15866 | Lair:3   | HP: 3/150 [wind drake/the air (10)]
 15880 | Lair:3   | Killed from afar by a wind drake

Illustrated notes

Levels and vault maps discovered:
D:1:      lightli_molten_gateway, layout_basic, minmay_worlds_worst_comb
D:2:      layout_rooms, basic_altar
D:3:      layout_loops_ring, mainiacjoe_overflow_alcove_4, serial_shops, shop,
          shapermc_ecumenical_altar_starsandcircs, gammafunk_ghost_grave
D:4:      layout_basic, grunt_gozag_breadcrumbs, serial_shops, shop_fountains,
          shop, nicolae_square_shop, nicolae_shop_advertising_works
          [nicolae_subvault_shop_adworks]
D:5:      layout_layer_cave, hangedman_glass_teeth,
          hangedman_abyss_or_decor_stabs
D:6:      wad_lake_hut, layout_basic, nicolae_overflow_hidden_temple,
          minmay_temple_entry_statues_fountains, uniq_grinder
D:7:      layout_loops_cross, uniq_harold
D:8:      layout_basic, mainiacjoe_overflow_brackets,
          nicolae_qazlal_general_emergency, nicolae_sif_muna_condensation,
          chequers_serial_rivers_micro_d
D:9:      layout_basic, nemelex_diamond_rough_becter,
          mainiacjoe_overflow_alcove_2, dpeg_oklobed_lair, uniq_maggie
Lair:1:   beast_lair_carwin_large_4, layout_regular_city
Lair:2:   layout_cave_pods, minmay_snake_entry_spellcaster, uniq_sonja
Lair:3:   nzn_winding_woodlands_large [nzn_winding_woodlands_hourglass,
          nzn_winding_woodlands_5x15_sawtooth, nzn_winding_woodlands_5x5_cross,
          nzn_winding_woodlands_center_garden,
          nzn_winding_woodlands_15x15_eel_pit,
          nzn_winding_woodlands_center_pierced_h,
          nzn_winding_woodlands_5x5_three, nzn_winding_woodlands_5x15_jagged,
          nzn_winding_woodlands_5x5_checkerboard], layout_cave_pods,
          minmay_shoals_entry_beasts

Skill      XL: |  1  2  3  4  5  6  7  8  9 10 11 12 |
---------------+-------------------------------------+-----
Dodging        | 2 3 4 5 6 |  6.3
Crossbows      | 2 3 4 5 6 8 9 10 | 10.5
Hexes          | 3 4 5 6 7 8 |  8.0
Fighting       | 2 3 4 5 7 |  7.2
Spellcasting   | 2 3 4 5 7 |  7.3
Invocations    | 5 8 9 |  9.9
Long Blades    | 3 6 8 |  8.0

Action                   |  1- 3 |  4- 6 |  7- 9 | 10-12 || total
-------------------------+-------+-------+-------+-------++-------
Melee: Whip              |    26 |    10 |       |       ||    36
       Tailslap          |     5 |    15 |    54 |    62 ||   136
       Hand axe          |       |    49 |       |       ||    49
       Flail             |       |    24 |   182 |       ||   206
       Punch             |       |       |     5 |     5 ||    10
       Scimitar          |       |       |    55 |   329 ||   384
 Fire: Hand crossbow     |    84 |   104 |    60 |     1 ||   249
       Arbalest          |       |       |       |   117 ||   117
 Cast: Slow              |    10 |    13 |    50 |   132 ||   205
Invok: Divine Shield     |       |     1 |     2 |     2 ||     5
 Abil: Breathe Dispellin |       |       |    15 |    33 ||    48
Evoke: Wand              |       |       |       |     5 ||     5
  Use: Scroll            |     2 |     6 |    13 |    19 ||    40
       Potion            |       |     7 |     1 |    11 ||    19
Armor: Skin              |    45 |    34 |    58 |   115 ||   252
Dodge: Dodged            |    76 |   111 |   246 |   404 ||   837
       Repelled          |       |       |       |     3 ||     3
Block: Other             |       |     1 |    17 |     6 ||    24

Table legend: (Time is in decaauts)
 A = Elapsed time spent in this place.
 B = Non-inter-level travel time spent in this place.
 C = Inter-level travel time spent in this place.
 D = Time resting spent in this place.
 E = Time spent auto-exploring this place.
 F = Levels seen in this place.
 G = Mean time per level.
                   A        B        C        D        E       F      G
               +--------+--------+--------+--------+--------+-----+--------+
         Total |  16213 |  15766 |    447 |   3217 |   9255 |  12 | 1351.1 |
       Dungeon |  11413 |  11058 |    355 |   1949 |   6702 |   9 | 1268.1 |
          Lair |   4800 |   4708 |     92 |   1267 |   2553 |   3 | 1600.0 |
               +--------+--------+--------+--------+--------+-----+--------+

Top non-repeatable levels by time:
  Lair:2: 2543 daAuts
     D:6: 2141 daAuts
     D:5: 2086 daAuts
     D:4: 1625 daAuts
  Lair:1: 1609 daAuts
     D:8: 1244 daAuts
     D:7: 1007 daAuts
     D:3: 947 daAuts
     D:1: 944 daAuts
     D:2: 917 daAuts
  Lair:3: 646 daAuts
     D:9: 500 daAuts
